 Seeded DCSS version 0.29-a0-334-gb41bcbb (webtiles) character file.

Game seed: 7780251842988934684 (custom seed)

41 Ayyar the Ducker (level 3, -2/25 HPs)
             Began as a Djinni Air Elementalist on Apr 13, 2022.
             Killed from afar by an orc wizard (4 damage)
             ... with a puff of flame
             ... on level 2 of the Dungeon.
             The game lasted 00:04:43 (1461 turns).

Ayyar the Ducker (Djinni Air Elementalist)          Turns: 1461, Time: 00:04:43

Health: -2/25      AC:  2    Str:  7    XL:     3   Next: 75%
Gold:   84         EV: 12    Int: 18    God:
                   SH:  0    Dex: 13

rFire   + + .      SeeInvis +   i - +0 dagger
rCold   x . .      Faith    .   (no shield)
rNeg    . . .      Spirit   .   a - +0 robe
rPois   ∞          Reflect  .   (no helmet)
rElec   .          Harm     .   (no cloak)
rCorr   .          Rampage  .   (no gloves)
Will    .....                   (boots unavailable)
Stlth   ++........              (no amulet)
HPRegen 0.08/turn               c - ring of see invisible
MPRegen 0.00/turn               (no ring)

@: flying
A: sickness immunity, fire resistance 2, cold vulnerability 1, float, innate
caster, HP casting, extra vitality 1
a: no special abilities


You were on level 2 of the Dungeon.
You visited 1 branch of the dungeon, and saw 2 of its levels.

You collected 84 gold pieces.

Inventory:

Hand Weapons
 i - a +0 dagger (weapon)
Missiles
 j - a throwing net
Armour
 a - a +0 robe (worn)
Jewellery
 c - a ring of see invisible (left hand)
Scrolls
 d - a scroll of immolation {unknown}
 e - a scroll of identify {unknown}
 g - a scroll of fog {unknown}
Potions
 b - a potion of attraction {unknown}
 f - a potion of ambrosia {unknown}
 h - a potion of brilliance {unknown}
 k - a potion of curing {unknown}


   Skills:
 + Level 3.0 Dodging
 + Level 2.2 Stealth
 + Level 2.8 Spellcasting


You couldn't memorise any spells.
You knew the following spells:

 Your Spells              Type           Power      Damage    Failure   Level
a - Shock                 Conj/Air       48%        1d6       5%          1
b - Static Discharge      Conj/Air       12%        N/A       8%          2
c - Swiftness             Air            12%        N/A       16%         3
d - Airstrike             Air            6%         N/A       45%         4
e - Freeze                Ice            48%        1d7       5%          1
Your spell library was empty.

Dungeon Overview and Level Annotations

Branches:
Dungeon (2/15)

Altars:


Innate Abilities, Weirdness & Mutations

You are immune to sickness and miasma.
You are immune to poison.
Your flesh is very heat resistant. (rF++)
You are vulnerable to cold. (rC-)
You float through the air rather than walking.
You learn spells naturally, not from books.
Your magical power is your life essence.
You have superior vitality. (+4 MHP)


Message History

The frilled lizard hisses angrily.
You hit the orc.
The orc is severely wounded.
The orc barely misses you.
The orc wizard mumbles some strange words.
The orc wizard flickers and vanishes for a moment.
You barely miss the orc.
The orc is severely wounded.
The orc hits you with a +0 mace!
You closely miss the orc.
The orc is severely wounded.
You hit the orc wizard.
The orc wizard is almost dead.
You barely miss the orc wizard.
The orc wizard is almost dead.
The orc wizard hits you with a +0 dagger.
You are too injured to fight recklessly!
Casting: Shock (safe; 5% risk of failure)
Confirm with . or Enter, or press ? or * to list all spells.
Aiming: Shock (safe; 5% risk of failure)
Press: ? - help, Shift-Dir - straight line, p - orc The zap hits the orc wizard.
The orc wizard is almost dead.
The zap hits the orc.
You kill the orc!
The zap hits the orc.
The orc is lightly wounded.
The zap hits the orc.
The orc is heavily wounded.
The zap hits the frilled lizard.
You kill the frilled lizard!
The orc wizard barely misses you.
You miss the orc wizard.
The orc wizard is almost dead.
The orc wizard casts a spell at you. The magic dart hits you!
* * * LOW HITPOINT WARNING * * *
The orc wizard gestures at you while chanting.
The puff of flame hits you. You resist.
You die...

#.†♣♣..........#
#..♣P.:.......##
#....P.........#
..##...PP......[..#
#.................##
#####..............##
###..(...........
###........#
##.....@## ####.#..#
#.##o# #.##o# #.##.†
#.###.# #.# .# #.. ..
#.. ..


You could see an orc wizard (invisible) and an orc.

Vanquished Creatures
  5 dart slugs
  An orc (D:2)
  3 ball pythons
  2 endoplasms
  2 hobgoblins (D:1)
  5 bats
  2 frilled lizards
  6 goblins (D:1)
  2 kobolds (D:1)
  2 rats
30 creatures vanquished.

Notes
Turn   | Place    | Note
-------+----------+-------------------------------------------
     0 | D:1      | Ayyar the Djinni Air Elementalist began the quest for the
                  | Orb.
     0 | D:1      | Reached XP level 1. HP: 15/15 MP: 0/0
   183 | D:1      | Reached XP level 2. HP: 7/21 MP: 0/0
   792 | D:1      | Reached XP level 3. HP: 17/25 MP: 0/0
   792 | D:1      | Learned a level 1 spell: Freeze
  1449 | D:2      | Reached skill level 3 in Dodging
  1461 | D:2      | Killed from afar by an orc wizard

Illustrated notes

Levels and vault maps discovered:
D:1:      matt_arrival_grand_opening, layout_rooms,
          chequers_serial_rivers_large_b
D:2:      layout_rooms, dreamdust_ecumenical_altar_sealed_demon,
          serial_park_tiny_2

Skill      XL: |  1  2  3 |
---------------+----------+-----
Stealth        | 2 |  2.2
Dodging        | 3 |  3.0
Spellcasting   | |  2.8

Action                   || total
-------------------------++-------
Melee: Dagger            ||    25
 Cast: Shock             ||    48
 Stab: Sleeping          ||     2
Armor: Robe              ||     6
Dodge: Dodged            ||    24

Table legend: (Time is in decaauts)
 A = Elapsed time spent in this place.
 B = Non-inter-level travel time spent in this place.
 C = Inter-level travel time spent in this place.
 D = Time resting spent in this place.
 E = Time spent auto-exploring this place.
 F = Levels seen in this place.
 G = Mean time per level.
                   A        B        C        D        E       F      G
               +--------+--------+--------+--------+--------+-----+--------+
         Total |   1459 |   1426 |     33 |    514 |    714 |   2 |  729.5 |
       Dungeon |   1459 |   1426 |     33 |    514 |    714 |   2 |  729.5 |
               +--------+--------+--------+--------+--------+-----+--------+

Top non-repeatable levels by time:
     D:1: 1258 daAuts
     D:2: 201 daAuts
